 Dungeon Crawl Stone Soup version 0.22-b1-26-g9dbaab1 (webtiles) character file.

2007 Lew the Covert (level 9, 0/43 HPs)
             Began as a Felid Fighter on Aug 8, 2018.
             Was a Follower of Dithmenos.
             Succumbed to Lew's ghost's poison
             ... on level 7 of the Dungeon.
             The game lasted 00:28:00 (7743 turns).

Lew the Covert (Felid Fighter)                      Turns: 7743, Time: 00:28:01

Health: 0/43       AC:  2    Str: 15    XL:     9   Next: 2%
Magic:  19/19      EV: 23    Int:  7    God:    Dithmenos [*.....]
Gold:   39         SH:  0    Dex: 16    Spells: 8/8 levels left
                                        Lives:  0   Deaths: 2

rFire    + . .     SeeInvis +     - Unarmed
rCold    + . .     Gourm    .   (shield unavailable)
rNeg     . . .     Faith    .   (armour unavailable)
rPois    +         Spirit   .   (helmet unavailable)
rElec    +         Reflect  .   (cloak unavailable)
rCorr    +         Harm     .   (gloves unavailable)
MR       ++...     Clarity  +   (boots unavailable)
Stlth    +++++.....             m - amulet of rage
HPRegen  0.14/turn              d - ring of wizardry
MPRegen  0.16/turn              l - ring of magical power

@: lethally poisoned (0 -> -6), about to teleport, resistant, wreathed by umbra,
quick
A: very small, no armour, no weapons or thrown items, stealth, claws 1, fangs 3,
see invisible, carnivore, clarity, dopey 1, speed 1, magic resistance 1, shaggy
fur 2, slow metabolism 1, sharp paws
a: Renounce Religion, Evoke Berserk Rage


You were on level 7 of the Dungeon.
You worshipped Dithmenos.
Dithmenos was aware of your devotion.
You were not hungry.

You visited 2 branches of the dungeon, and saw 8 of its levels.

You collected 208 gold pieces.
You spent 169 gold pieces at shops.

Inventory:

Jewellery
 d - a ring of wizardry (left paw)
 l - a ring of magical power (right paw)
 m - an amulet of rage (around neck)
Wands
 g - a wand of iceblast (8)
 i - a wand of paralysis (19)
 j - a wand of digging (13)
Scrolls
 c - a scroll of remove curse
 e - 5 scrolls of teleportation
Potions
 h - 3 potions of resistance
 k - a potion of haste
 q - 2 potions of brilliance
Comestibles
 b - 4 rations


   Skills:
 * Level 7.6 Fighting
 + Level 7.9 Dodging
 + Level 8.3 Stealth
 * Level 8.2 Unarmed Combat


You had 8 spell levels left.
You didn't know any spells.
Your spell library contained the following spells:

 Spells                   Type           Power        Failure   Level  Hunger
 Lehudib's Crystal Spear  Conj/Erth      #.........   100%        8    #######
 Fire Storm               Conj/Fire      #.........   100%        9    #######
 Poison Arrow             Conj/Pois      #.........   100%        6    #######
 Glaciate                 Conj/Ice       #.........   100%        9    #######
 Chain Lightning          Conj/Air       #.........   100%        8    #######


Dungeon Overview and Level Annotations

Branches:
Dungeon (7/15)             Temple (1/1) D:4

Altars:
Ashenzari
Cheibriados
Dithmenos
Elyvilon
Fedhas
Gozag
Hepliaklqana
Kikubaaqudgha
Makhleb
Nemelex Xobeh
Okawaru
Qazlal
Ru
Trog
Uskayaw
Vehumet
Wu Jian
Xom
Yredelemnul
Zin
The Shining One

Shops:
D:6 *

Annotations:
D:7 Lew's ghost, novice VSFi


Innate Abilities, Weirdness & Mutations

You cannot wear armour.
You are incapable of wielding weapons or throwing items.
Your paws allow you to move quietly. (Stealth)
You have sharp claws.
You have razor-sharp teeth.
You have supernaturally acute eyesight. (SInv)
You are carnivorous and can eat meat at any time.
You cover ground quickly.
You are covered in thick fur. (AC +2)
You have a slow metabolism.
Your sharp claws are effective at attacking unaware monsters.
You possess an exceptional clarity of mind.
You are dopey. (Int -2)
You are resistant to hostile enchantments. (MR+)


Message History

You feel sick. The ice beast hits you.
* * * LOW HITPOINT WARNING * * *
The ice beast freezes you. You resist.
* * * LOW HITPOINT WARNING * * *
* * * LOW HITPOINT WARNING * * *
You feel sick.
* * * LOW HITPOINT WARNING * * *
You feel sick. The hound completely misses you.
* * * LOW HITPOINT WARNING * * *
You feel sick. The hound completely misses you.
* * * LOW HITPOINT WARNING * * *
You feel sick.
* * * LOW HITPOINT WARNING * * *
You feel sick.
As you read the scroll of teleportation, it crumbles to dust.
You feel strangely unstable. The hound completely misses you. x2
* * * LOW HITPOINT WARNING * * *
You feel sick. The hound misses you.
You die...

#.#
#§§hY...#.$.#.#.###
#.#
#§W§§.....(.#...#
#.#
#§#§§...#.).#...#
#.# #§§§#..#.#..#..
#.# #§W§#.......
#.# #.§Z########
#.# #hhY........
#.# ##.#...######
#.#####@##........
#.......##.#######
##########.# #.#
#.# #.# ... #..#.
#..#.#


You could see an ice beast, 2 hounds, Lew's ghost and an adder skeleton.

Vanquished Creatures
  A two-headed ogre (D:6)
  Pikel (D:6)
  The ghost of Lew the Skirmisher, an amateur MiAK of Uskayaw (D:5)
  A black bear (D:6)
  An ogre (D:6)
  A big kobold (D:5)
  A bullfrog (D:3)
  A wyvern zombie (D:7)
  2 scorpions
  5 wights (D:6)
  2 crimson imps
  A jelly (D:5)
  2 hounds
  An orc priest (D:3)
  6 orc wizards
  An iguana (D:6)
  2 worker ants (D:5)
  A worker ant zombie (D:5)
  6 adders
  An ooze (D:2)
  3 worms
  2 leopard geckos
  20 orcs
  5 ball pythons
  11 bats
  5 giant cockroaches
  2 gnoll zombies (D:3)
  7 goblins
  7 hobgoblins
  9 kobolds
  4 frilled lizards
  2 jackal skeletons
  6 rats (D:1)
121 creatures vanquished.

Vanquished Creatures (others)
  A slave (D:6)
  A worker ant zombie (D:6)
  2 worms (D:6)
  An orc (D:6)
5 creatures vanquished.

Grand Total: 126 creatures vanquished

Notes
Turn   | Place    | Note
-------+----------+-------------------------------------------
     0 | D:1      | Lew the Felid Fighter began the quest for the Orb.
     0 | D:1      | Reached XP level 1. HP: 10/10 MP: 2/2
    47 | D:1      | Reached skill level 1 in Stealth
   139 | D:1      | Reached XP level 2. HP: 14/14 MP: 3/3
   497 | D:2      | Reached XP level 3. HP: 12/17 MP: 4/4
   675 | D:2      | Found a bloodstained altar of Trog.
  1518 | D:3      | Reached XP level 4. HP: 16/21 MP: 5/5
  2067 | D:3      | Found a shattered altar of Ashenzari.
  2428 | D:3      | Noticed a bullfrog
  2437 | D:3      | Killed a bullfrog
  2437 | D:3      | Reached skill level 5 in Dodging
  2437 | D:3      | Reached XP level 5. HP: 25/25 MP: 6/6
  2527 | D:3      | Slain by an orc priest
  2528 | D:3      | Reached XP level 4. HP: 0/22 MP: 5/5
  2655 | D:3      | Found a shimmering altar of Xom.
  2699 | D:3      | Reached skill level 5 in Stealth
  2699 | D:3      | Reached XP level 5. HP: 22/25 MP: 6/6
  2891 | D:3      | Found a basalt altar of Yredelemnul.
  3024 | D:4      | Found a white marble altar of Elyvilon.
  3116 | D:4      | Found a glowing golden altar of the Shining One.
  3136 | D:4      | Found a staircase to the Ecumenical Temple.
  3164 | Temple   | Entered the Ecumenical Temple
  3482 | Temple   | Became a worshipper of Dithmenos the Shadowed
  3857 | D:4      | Found an ancient bone altar of Kikubaaqudgha.
  4041 | D:5      | Entered Level 5 of the Dungeon
  4067 | D:5      | Reached skill level 5 in Unarmed Combat
  4074 | D:5      | Gained mutation: You are covered in thick fur. (AC +2) [Felid growth]
  4074 | D:5      | Reached XP level 6. HP: 17/28 MP: 7/7
  4406 | D:5      | Gained mutation: You are resistant to hostile enchantments. (MR+) [potion of mutation]
  4406 | D:5      | Gained mutation: You are dopey. (Int -2) [potion of mutation]
  4406 | D:5      | Gained mutation: You possess an exceptional clarity of mind. [potion of mutation]
  4436 | D:5      | Found a runed gate.
  4437 | D:5      | Found an opulent altar of Gozag.
  4439 | D:5      | Found a runed gate.
  4439 | D:5      | Found a runed gate.
  4439 | D:5      | Noticed Lew's ghost (amateur MiAK)
  5250 | D:5      | Killed Lew's ghost
  5250 | D:5      | Reached skill level 5 in Fighting
  5250 | D:5      | Reached XP level 7. HP: 28/33 MP: 8/8
  5495 | D:5      | Found a hazy altar of Hepliaklqana.
  5687 | D:5      | HP: 1/33 [acid (5)]
  6110 | D:6      | HP: 1/34 [wight/enchanted spear (3)]
  6110 | D:6      | Mangled by a wight
  6111 | D:6      | Reached XP level 6. HP: -6/31 MP: 7/7
  6185 | D:6      | Reached XP level 7. HP: 31/34 MP: 8/8
  6200 | D:6      | Noticed Pikel
  6216 | D:6      | Killed Pikel
  6216 | D:6      | Reached XP level 8. HP: 34/39 MP: 9/9
  6387 | D:6      | Found a glowing golden altar of the Shining One.
  6439 | D:6      | Reached * piety under Dithmenos
  6516 | D:6      | Found Viudoamy's Assorted Antiques.
  6747 | D:6      | Bought a smoky emerald potion for 22 gold pieces
  6747 | D:6      | Bought a brass ring for 125 gold pieces
  6747 | D:6      | Bought an orange potion for 22 gold pieces
  6834 | D:6      | Found a hide-covered altar of Uskayaw.
  6967 | D:6      | Noticed a two-headed ogre
  6972 | D:6      | Killed a two-headed ogre
  7604 | D:7      | Reached XP level 9. HP: 43/43 MP: 10/10
  7611 | D:7      | Found a runed gate.
  7611 | D:7      | Found a runed gate.
  7613 | D:7      | Found a runed gate.
  7621 | D:7      | Noticed Lew's ghost (novice VSFi)
  7740 | D:7      | HP: 2/43 [poisoned by Lew's ghost]
  7743 | D:7      | Succumbed to Lew's ghost's poison

Skill      XL: |  1  2  3  4  5  6  7  8 |
---------------+-------------------------+-----
Stealth        | 1 2 3 5 6 7 8 |  8.3
Dodging        | 5 6 7 |  7.9
Fighting       | 4 5 6 7 |  7.6
Unarmed Combat | 5 7 8 |  8.2

Action                   |  1- 3 |  4- 6 |  7- 9 || total
-------------------------+-------+-------+-------++-------
Melee: Unarmed           |   103 |   189 |   115 ||   407
       Bite              |    11 |    23 |    16 ||    50
       Punch             |       |     5 |     6 ||    11
 Abil: Evoke Berserk Rag |       |     1 |       ||     1
Evoke: Wand              |       |     2 |     5 ||     7
  Use: Scroll            |       |    11 |     5 ||    16
       Potion            |       |     3 |    10 ||    13
 Stab: Sleeping          |     7 |     5 |     4 ||    16
       Distracted        |       |     1 |       ||     1
  Eat: Chunk             |     3 |     5 |       ||     8
       Ration            |       |     1 |     1 ||     2
Armor: Skin              |     2 |    10 |     4 ||    16
Dodge: Dodged            |    64 |   160 |   120 ||   344
